 Dungeon Crawl Stone Soup version 0.31.0-11-ge490571c62 (webtiles) character file.

Game seed: 10137719810218045689

2006 cdecastro the Arsonist (level 9, -4/45 HPs)
             Began as a Deep Elf Fire Elementalist on Jan 26, 2024.
             Was an Initiate of Gozag.
             Killed by an exploding hobgoblin (37 damage)
             ... ignited by their inner flame
             ... in a bailey.
             The game lasted 00:20:26 (8094 turns).

cdecastro the Arsonist (Deep Elf Fire Elementalist) Turns: 8094, Time: 00:20:27

Health: -4/45      AC:  9    Str:  5    XL:     9   Next: 2%
Magic:  13/23      EV: 12    Int: 25    God:    Gozag
Gold:   258        SH:  5    Dex: 15    Spells: 11/24 levels left

rFire   . . .        i - +2 dagger (venom)
rCold   + . .        (no shield)
rNeg    . . .        H - +0 steam dragon scales
rPois   .            B - +1 helmet
rElec   .            (no cloak)
rCorr   .            z - +0 pair of gloves
SInv    .            e - +0 pair of boots
Will    .....        q - amulet of reflection
Stlth   ++           o - ring of protection from cold
HPRegen 0.27/turn    (no ring)
MPRegen 0.18/turn

%: reflection
@: gold aura
A: no striking features
a: Renounce Religion, Potion Petition, Call Merchant, Bribe Branch


You were in a bailey.
You worshipped Gozag.
Gozag was aware of your devotion.
You visited 2 branches of the dungeon, and saw 8 of its levels.
You also visited: Sewer and Bailey.

You collected 347 gold pieces.
You paid 89 gold pieces to Gozag.

Inventory:

Hand Weapons
 i - a +2 dagger of venom (weapon)
 w - a +2 whip of electrocution
Armour
 e - a +0 pair of boots (worn)
 z - a +0 pair of gloves (worn)
 B - a +1 helmet (worn)
 H - +0 steam dragon scales (worn)
 J - an orb of energy
Magical Staves
 p - a staff of cold
 I - a staff of earth
Jewellery
 o - a ring of protection from cold (left hand)
 q - an amulet of reflection (around neck)
Wands
 t - a wand of charming (10)
 v - a wand of polymorph (6)
 A - a wand of quicksilver (11)
 G - a wand of flame (19)
Scrolls
 d - a scroll of revelation {unknown}
 f - 3 scrolls of enchant armour
 g - a scroll of blinking {unknown}
 k - 2 scrolls of enchant weapon {unknown}
 l - 4 scrolls of teleportation {unknown}
 x - 3 scrolls of fear {unknown}
 y - 2 scrolls of vulnerability {unknown}
 C - a scroll of brand weapon {unknown}
 D - a scroll of silence {unknown}
 E - 3 scrolls of fog {unknown}
Potions
 a - a potion of invisibility {unknown}
 b - a potion of magic
 c - 2 potions of lignification
 h - 2 potions of attraction
 j - a potion of enlightenment
 m - 2 potions of curing {unknown}
 n - 2 potions of ambrosia {unknown}
 r - 3 potions of mutation
 s - a potion of resistance {unknown}
 u - 3 potions of heal wounds {unknown}
 F - a potion of might {unknown}


   Skills:
 - Level 2.4 Dodging
 - Level 2.4 Stealth
 * Level 8.2 Spellcasting
 - Level 6.1 Conjurations
 - Level 10.0 Fire Magic


You had 11 spell levels left.
You knew the following spells:

 Your Spells              Type           Power      Damage    Failure   Level
a - Foxfire               Conj/Fire      100%       2x1d9     1%          1
b - Scorch                Fire           100%       2d9       1%          2
c - Inner Flame           Hex/Fire       35%        N/A       2%          3
d - Volatile Blastmotes   Fire/Tloc      70%        2d15      2%          3
e - Flame Wave            Conj/Fire      50%        2d12      2%          4

Your spell library contained the following spells:

 Spells                   Type           Power      Damage    Failure   Level
 Magic Dart               Conj           100%       1d8       1%          1
 Dazzling Flash           Conj/Hex       50%        N/A       4%          3
 Hailstorm                Conj/Ice       25%        3d7       4%          3
 Stone Arrow              Conj/Erth      50%        3d10      4%          3
 Freeze                   Ice            40%        1d6       6%          1
 Sandblast                Erth           20%        2d7       6%          1
 Mephitic Cloud           Conj/Alch/Air  20%        N/A       8%          3
 Sticky Flame             Fire/Alch      35%        2d7       8%          4
 Blink                    Tloc           20%        N/A       9%          2
 Call Imp                 Summ           20%        N/A       9%          2
 Lesser Beckoning         Tloc           20%        N/A       9%          2
 Sublimation of Blood     Necr           10%        N/A       9%          2
 Brom's Barrelling Bould  Conj/Erth      25%        2d5       17%         4
 Frozen Ramparts          Ice            20%        1d4       19%         3
 Gell's Gravitas          Tloc           10%        N/A       19%         3
 Passwall                 Erth           10%        N/A       19%         3
 Teleport Other           Tloc           10%        N/A       19%         3
 Curse of Agony           Necr           10%        N/A       86%         5
 Silence                  Hex/Air        5%         N/A       86%         5
 Summon Hydra             Summ           5%         N/A       100%        7


Dungeon Overview and Level Annotations

Branches:
Dungeon (7/15)             Temple (1/1) D:4           Sewer (visited)
 Bailey (1/1)

Altars:
Ashenzari
Dithmenos
Elyvilon
Fedhas
Gozag
Kikubaaqudgha
Makhleb
Nemelex Xobeh
Okawaru
Ru
Uskayaw
Vehumet
Wu Jian
Xom
Zin

Shops:
D:1 =   D:5 =


Message History

Press: ? - help, Dir - move target, f - hobgoblin
Aim: a hobgoblin, wielding a +0 hand axe and wearing a +0 leather armour (chance to affect: 95%)
The hobgoblin is filled with an inner flame.
The foxfire hits the human but does no damage.
The human is lightly wounded.
The foxfire hits the human but does no damage.
The human is lightly wounded.
Casting: Inner Flame (dangerous; 2% risk of failure)
Confirm with . or Enter, or press ? or * to list all spells.
You conjure some foxfire!
Unknown command.
The foxfire hits the human but does no damage.
The human is lightly wounded.
The foxfire hits the human.
The human is lightly wounded.
The human hits you with a +0 war axe!
Unknown command.
Casting: Foxfire (safe; 1% risk of failure)
Confirm with . or Enter, or press ? or * to list all spells.
You conjure some foxfire!
A human comes into view. It is wielding a +1 heavy hand axe.
The human barely misses you.
The human hits your foxfire with a +0 war axe!
The foxfire hits the goblin.
You kill the goblin!
The hobgoblin misses you.
Your foxfire dissipates!
Unknown command.
Unknown command.
Unknown command.
Casting: Foxfire (safe; 1% risk of failure)
Confirm with . or Enter, or press ? or * to list all spells.
Flames lash the hobgoblin.
The hobgoblin explodes!
The fiery explosion engulfs the human!!!
You kill the human!
The fiery explosion engulfs you!!!
Ouch! That really hurt!
You die...
Your body crumbles into a pile of gold.

##### ##~~~##
#~~~~~#
#####~~~~~+
##§@.##~~~~#
#§§§p.'~~~#
#§§§..######
#..∩..p....#
##..$##......#
##### ......#
.###### ##


You could see 2 humans.

Vanquished Creatures
  A troll (D:6)
  A human (Bailey)
  A steam dragon (D:6)
  Edmund (D:5)
  Menkaure (D:5)
  A black bear (D:5)
  2 ogres
  A crocodile (Sewer)
  A phantom (D:6)
  A kobold brigand (Sewer)
  A bullfrog (D:6)
  5 electric eels (D:6)
  3 bombardier beetles
  A jelly (D:5)
  2 hounds
  2 iguanas
  A sleepcap (D:5)
  An orc wizard (D:4)
  8 gnolls
  12 adders
  4 river rats
  A shadow imp (D:5)
  2 white imps
  7 ribbon worms
  17 orcs
  11 endoplasms
  5 giant cockroaches
  10 goblins
  3 hobgoblins
  6 jackals
  14 kobolds
  A quokka (D:2)
  10 ball pythons
  4 bats
  3 frilled lizards
  8 rats
153 creatures vanquished.

Vanquished Creatures (collateral kills)
  3 foxfires (D:6)
3 creatures vanquished.

Vanquished Creatures (others)
  487 foxfires
487 creatures vanquished.

Grand Total: 643 creatures vanquished

Notes
Turn   | Place    | Note
-------+----------+-------------------------------------------
     0 | D:1      | cdecastro the Deep Elf Fire Elementalist began the quest
                  | for the Orb.
     0 | D:1      | Reached XP level 1. HP: 10/10 MP: 6/6
   338 | D:1      | Reached skill level 4 in Fire Magic
   338 | D:1      | Reached XP level 2. HP: 15/15 MP: 5/8
   544 | D:1      | Found Ycoaseaj's Jewellery Shoppe.
   850 | D:1      | Learned a level 2 spell: Scorch
  1300 | D:2      | Reached XP level 3. HP: 19/19 MP: 6/9
  1931 | D:3      | Reached skill level 5 in Fire Magic
  2087 | D:3      | Learned a level 3 spell: Inner Flame
  2460 | D:3      | Found a blossoming altar of Fedhas.
  2560 | D:4      | Found a staircase to the Ecumenical Temple.
  2631 | Temple   | Entered the Ecumenical Temple
  2794 | D:4      | Reached XP level 4. HP: 24/24 MP: 7/10
  3666 | D:4      | Reached skill level 6 in Fire Magic
  3794 | D:4      | Reached XP level 5. HP: 26/28 MP: 4/11
  3918 | D:5      | Entered Level 5 of the Dungeon
  3918 | D:5      | Noticed an ogre
  3927 | D:5      | Killed an ogre
  3928 | D:5      | Reached skill level 7 in Fire Magic
  4020 | D:5      | Reached XP level 6. HP: 32/32 MP: 0/12
  4130 | D:5      | Noticed Edmund
  4234 | D:5      | Reached skill level 8 in Fire Magic
  4369 | D:5      | Found Loidieh's Jewellery Shoppe.
  4421 | D:5      | Reached XP level 7. HP: 36/36 MP: 2/13
  4465 | D:5      | Found a glowing drain.
  4469 | Sewer    | Entered a sewer
  4528 | Sewer    | Reached skill level 9 in Fire Magic
  5411 | D:5      | Reached skill level 10 in Fire Magic
  5427 | D:5      | Killed Edmund
  5571 | D:5      | Noticed Menkaure
  5575 | D:5      | Killed Menkaure
  5576 | D:5      | Reached XP level 8. HP: 41/41 MP: 9/14
  5580 | D:5      | Learned a level 3 spell: Volatile Blastmotes
  5585 | D:5      | Learned a level 4 spell: Flame Wave
  6018 | D:6      | Found a hide-covered altar of Uskayaw.
  6108 | D:6      | Reached skill level 5 in Conjurations
  6223 | D:6      | Found a sacrificial altar of Ru.
  6305 | D:6      | Noticed a troll
  6312 | D:6      | Killed a troll
  6313 | D:6      | Reached skill level 5 in Spellcasting
  6861 | D:3      | Found a broken altar of Ashenzari.
  6991 | D:3      | Found a shimmering altar of Xom.
  6991 | D:3      | Found a burning altar of Makhleb.
  7649 | D:6      | Reached XP level 9. HP: 45/45 MP: 17/23
  7680 | D:6      | Found an opulent altar of Gozag.
  7680 | D:6      | Found a faded altar of an unknown god.
  7687 | D:6      | Found an ornate altar of the Wu Jian Council.
  7689 | D:6      | Found a faded altar of an unknown god.
  7691 | D:6      | Found an iron altar of Okawaru.
  7732 | D:6      | Became a worshipper of Gozag Ym Sagoz the Greedy
  8060 | D:7      | Found a flagged portal.
  8071 | Bailey   | Entered a bailey
  8094 | Bailey   | Killed by an exploding hobgoblin... ignited by their inner
                  | flame

Illustrated notes

Levels and vault maps discovered:
D:1:      orjb1_lava_funnel, layout_basic, serial_shops,
          nicolae_shop_tiny_real_fake_doors
D:2:      layout_basic, hex_large
D:3:      cheibrodos_old_hovel, layout_basic,
          grunt_temple_overflow_champion_of_chaos, mainiacjoe_overflow_chevrons,
          nicolae_ashenzari_panopticon, chequers_decorated_corner
D:4:      wad_crossroads, layout_basic, minmay_temple_entry_steel_oval
D:5:      layout_basic, lightli_sewer_entry_pipes,
          minmay_shop_enchanted_jewellery, uniq_menkaure, uniq_edmund
D:6:      layout_cave_pods, nicolae_ru_awakened_eye,
          chequers_temple_overflow_minitemple, lemuel_tele_altar, serial_bayou,
          serial_bayou_crossing, serial_bayou_pond_d, serial_bayou_lake_a,
          serial_bayou_pond_a
D:7:      layout_loops_cross, enter_bailey_6, minmay_misc_feat_roman,
          minmay_shop_grid_forest, chequers_guarded_unrand_ignorance
Temple:   hellmonk_temple_two_chambers
Bailey:   bailey_axe_froggy_fort_hellmonk, bailey

Skill      XL: |  1  2  3  4  5  6  7  8 |
---------------+-------------------------+-----
Fire Magic     | 4 5 6 7 8 10 | 10.0
Conjurations   | 4 6 |  6.1
Spellcasting   | 8 |  8.2
Dodging        | |  2.4
Stealth        | |  2.4

Action                     |  1- 3 |  4- 6 |  7- 9 || total
---------------------------+-------+-------+-------++-------
  Melee: Dagger            |     5 |     7 |    28 ||    40
         Punch             |       |       |     1 ||     1
   Cast: Foxfire           |   102 |    50 |   130 ||   282
         Scorch            |     7 |    26 |    40 ||    73
         Inner Flame       |       |       |     1 ||     1
    Use: Scroll            |       |       |     4 ||     4
         Potion            |       |       |     1 ||     1
 Armour: Robe              |    13 |    18 |    15 ||    46
         Steam dragon scal |       |       |     2 ||     2
  Dodge: Dodged            |    19 |    15 |    17 ||    51
  Block: Other             |     3 |     7 |     5 ||    15
         Reflection        |     1 |     1 |       ||     2
